 Dungeon Crawl Stone Soup version 0.31.0-11-ge490571c62 (webtiles) character file.

Game seed: 15472749918590624728

44 qw the Shooter (level 3, 0/18 HPs)
             Began as a Spriggan Hunter on Feb 4, 2024.
             Slain by a goblin
             ... wielding a +0 club
             ... led by Robin
              (1 damage)
             ... on level 2 of the Dungeon.
             The game lasted 00:00:02 (807 turns).

qw the Shooter (Spriggan Hunter)                     Turns: 807, Time: 00:00:03

Health: 0/18       AC:  2    Str:  7    XL:     3   Next: 41%
Magic:  4/4        EV: 19    Int: 10    God:
Gold:   136        SH:  0    Dex: 20    Spells: 2/2 levels left

rFire   . . .        a - +0 shortbow
rCold   . . .        (shield currently unavailable)
rNeg    . . .        c - +0 robe
rPois   .            (helmet restricted)
rElec   .            (no cloak)
rCorr   .            (gloves unavailable)
SInv    +            (boots unavailable)
Will    .....        (no amulet)
Stlth   ++           (no ring)
HPRegen 0.23/turn    (no ring)
MPRegen 0.09/turn

%: no passive effects
@: lethally poisoned (0 -> -8), very quick
A: very small, no large weapons, unfitting armour, see invisible, speed 3
a: no special abilities


You were on level 2 of the Dungeon.
You visited 1 branch of the dungeon, and saw 2 of its levels.

You collected 136 gold pieces.


Innate Abilities, Weirdness & Mutations

You are very small and have problems with some larger weapons.
You are too small for most types of armour.
You have supernaturally acute eyesight. (SInv)
You cover ground extremely quickly. (Speed+++)


   Skills:
 - Level 1.5 Fighting
 + Level 4.7 Ranged Weapons
 - Level 4.0 Dodging
 - Level 1.5 Stealth


You had 2 spell levels left.
You didn't know any spells.
Your spell library was empty.

Inventory:

Hand Weapons
 a - a +0 shortbow (weapon)
Armour
 c - a +0 robe (worn)
Potions
 b - a potion of invisibility {unknown}

Dungeon Overview and Level Annotations

Branches:
Dungeon (2/15)

Altars:


Message History

You shoot an arrow. The arrow hits the goblin.
The goblin is severely wounded.
A goblin comes into view. It is wielding a +0 dagger of venom.
You shoot an arrow. The arrow hits the goblin.
You kill the goblin!
Robin says, "Bow before me, strongest of all the hobgoblins!"
You shoot an arrow. The arrow hits Robin.
Robin is lightly wounded.
Robin throws the goblin at you! The goblin misses you.
A goblin comes into view. It is wielding a +0 dagger.
You shoot an arrow. The arrow closely misses the goblin.
The goblin barely misses you. x2
You shoot an arrow. The arrow closely misses Robin.
Robin barely misses you. The goblin completely misses you.
You shoot an arrow. The arrow hits Robin.
Robin is moderately wounded.
Robin hits you with a +3 dagger. The goblin barely misses you.
You shoot an arrow. The arrow hits Robin.
Robin is heavily wounded.
Robin says, "Feeling lonely?"
Robin throws the goblin at you! The goblin barely misses you.
The goblin misses you.
You shoot an arrow. The arrow barely misses Robin.
Robin barely misses you. The goblin misses you. The goblin barely misses you.
You shoot an arrow. The arrow hits Robin.
Robin is almost dead.
Robin throws the goblin at you! The goblin misses you. x2
The goblin completely misses you.
You shoot an arrow. The arrow closely misses Robin.
The goblin no longer looks unusually strong.
The goblin hits you with a +0 club. The goblin barely misses you. x2
The goblin closely misses you. The goblin hits you with a +0 club.
The goblin hits you with a +0 dagger of venom.
You are lethally poisoned!
You shoot an arrow. The arrow hits Robin!
You kill Robin!
You feel very sick.
The goblin no longer looks unusually strong.
The goblin hits you with a +0 dagger. The goblin hits you with a +0 club.
You die...

#.###### #.#
##########.#
#.......)..#
#..........#
#..........###
#............#
###g........##.#
#g@g...##.#.##.#
#)###..#.....#.#
#)#....#.##..#.#
#(#....#.....#.#
#.#....#.......#
#.#...>....#...#
#.#<...#.#.#...####
#.#....#.#.........
#....#.###...####


You could see 3 goblins.

Vanquished Creatures
  Robin (D:2)
  A dart slug (D:1)
  A ball python (D:1)
  3 endoplasms
  9 goblins
  6 hobgoblins (D:1)
  4 kobolds
  2 quokkas (D:1)
  2 bats (D:1)
  2 frilled lizards (D:1)
  5 rats
36 creatures vanquished.

Notes
Turn   | Place    | Note
-------+----------+-------------------------------------------
     0 | D:1      | qw the Spriggan Hunter began the quest for the Orb.
     0 | D:1      | Reached XP level 1. HP: 10/10 MP: 2/2
     0 | D:1      | 0 ||| qw: Version: 0.3-a-160-g6735b56
     0 | D:1      | 0 ||| qw: Game counter: 4396
     0 | D:1      | 0 ||| qw: Melee chars always use a shield: true
     0 | D:1      | 0 ||| qw: God list: Okawaru
     0 | D:1      | 0 ||| qw: Allow faded altars: false
     0 | D:1      | 0 ||| qw: Do Orc after clearing Dungeon:15 true
     0 | D:1      | 0 ||| qw: Do second Lair branch before Depths: true
     0 | D:1      | 0 ||| qw: Lair rune preference: random
     0 | D:1      | 0 ||| qw: Goals: Normal
     0 | D:1      | 0 ||| PLANNING D:1-11
    73 | D:1      | Reached skill level 3 in Dodging
   148 | D:1      | Reached XP level 2. HP: 14/14 MP: 3/3
   357 | D:1      | Reached XP level 3. HP: 18/18 MP: 4/4
   668 | D:1      | 668 ||| READING scroll labelled MUOSIPL LEOHAS.
   669 | D:1      | 669 ||| DROPPING scroll of butterflies.
   794 | D:2      | Noticed Robin
   807 | D:2      | Killed Robin
   807 | D:2      | HP: 4/18 [poisoned by a goblin]
   807 | D:2      | HP: 1/18 [goblin/+0 dagger[Robin] (3)]
   807 | D:2      | Slain by a goblin

Levels and vault maps discovered:
D:1:      psy_arrival_conway, layout_loops_ring
D:2:      layout_basic, palyth_stone_intersect, uniq_robin

Skill      XL: |  1  2 |
---------------+-------+-----
Dodging        | 3 4 |  4.0
Fighting       | |  1.5
Ranged Weapons | |  4.7
Stealth        | |  1.5

Action                     || total
---------------------------++-------
   Fire: Shortbow          ||    95
    Use: Scroll            ||     1
 Armour: Robe              ||    14
  Dodge: Dodged            ||    33

Table legend:
 A = Non-vault XP
 B = Vault XP
 C = Vault XP percentage of total XP
 D = Non-vault monster count
 E = Vault monster count
 F = Vault count percentage of total count
                 A         B        C        D         E       F
            +---------+---------+-------+---------+---------+-------
      Total |      58 |      21 |  26.6 |      32 |       4 |  11.1
            +---------+---------+-------+---------+---------+-------
        D:1 |      53 |       0 |   0.0 |      29 |       0 |   0.0
        D:2 |       5 |      21 |  80.8 |       3 |       4 |  57.1
            +---------+---------+-------+---------+---------+-------
